BR (22 & UNDER)
CORONADO ECLIPSE @ LOGAN SWANS
09/19/2030
 
TOP OF THE 1ST
Coronado Eclipse batting - Pitching for Logan Swans : LHP Bezzi Kisito
Pitching: LHP Bezzi Kisito
Batting: RHB Galtero Confalonieri 0-0: Ball
1-0: Called Strike
1-1: SINGLE (Line Drive, 89M)
Batting: RHB Brian Jones 0-0: Fly out, F2 (Popup, 25F)
Batting: RHB Andrés Casillas 0-0: Ball
1-0: Called Strike
1-1: SINGLE (Groundball, 56D)
Galtero Confalonieri to second
Batting: RHB Ramón Espinoza 0-0: Foul Ball, location: 2F
0-1: Ball
1-1: Foul Ball, location: 2F
1-2: Strikes out swinging
Batting: RHB Domingo Salinas 0-0: Foul Ball, location: 2F
0-1: Called Strike
0-2: Ball
1-2: Strikes out swinging
Top of the 1st over - 0 runs, 2 hits, 0 errors, 2 left on base; Coronado 0 - Logan 0
BOTTOM OF THE 1ST
Logan Swans batting - Pitching for Coronado Eclipse : RHP Paul McGowan
Pitching: RHP Paul McGowan
Batting: LHB Bob Coztana 0-0: Swinging Strike
0-1: Ball
1-1: Called Strike
1-2: Ground out 6-3 (Groundball, 6S)
Batting: RHB Jesús García 0-0: Ball
1-0: Ball
2-0: DOUBLE (Flyball, 89D)
Batting: RHB Víctor Cuevas 0-0: Ball
1-0: Foul Ball, location: 2F
1-1: Swinging Strike
1-2: SINGLE (Flyball, 9S)
Jesús García to third
Runner from 3rd tries for Home, SAFE, no throw
Batting: SHB Hang-ki Leong 0-0: DOUBLE (Line Drive, 9LM)
Víctor Cuevas to third
Runner from 3rd tries for Home, SAFE, no throw
Batting: RHB José Ayala 0-0: Called Strike
0-1: Ball
1-1: Ball
2-1: 2-RUN HOME RUN (Flyball, 7D), Distance : 386 ft
Batting: RHB Jesús Farías 0-0: Ball
1-0: Ground out 6-3 (Groundball, 6)
Batting: SHB Torajiro Ito 0-0: Called Strike
0-1: Ball
1-1: Called Strike
1-2: Ball
2-2: Strikes out swinging
Bottom of the 1st over - 4 runs, 4 hits, 0 errors, 0 left on base; Coronado 0 - Logan 4
TOP OF THE 2ND
Coronado Eclipse batting - Pitching for Logan Swans : LHP Bezzi Kisito
Batting: RHB Brandon Smith 0-0: Ball
1-0: Foul Ball, location: 2F
1-1: Fly out, F7 (Line Drive, 7)
Batting: SHB José Acevedo 0-0: Ball
1-0: Ball
2-0: Foul Ball, location: 2F
2-1: Swinging Strike
2-2: Foul Ball, location: 2F
2-2: Foul Ball, location: 2F
2-2: Foul Ball, location: 2F
2-2: Ball
3-2: Foul Ball, location: 2F
3-2: SINGLE (Line Drive, 6MD)
Batting: RHB Vincente Ayala 0-0: Ball
1-0: Called Strike
1-1: Ball
2-1: Foul Ball, location: 2F
2-2: Strikes out looking
Batting: LHB Ken Miller 0-0: Foul Ball, location: 2F
0-1: Swinging Strike
0-2: SINGLE (Flyball, 9S)
José Acevedo to second
Batting: RHB Galtero Confalonieri 0-0: Ball
1-0: Swinging Strike
1-1: Foul Ball, location: 2F
1-2: Strikes out looking
Top of the 2nd over - 0 runs, 2 hits, 0 errors, 2 left on base; Coronado 0 - Logan 4
BOTTOM OF THE 2ND
Logan Swans batting - Pitching for Coronado Eclipse : RHP Paul McGowan
Batting: LHB Marty Gómez 0-0: Called Strike
0-1: Foul Ball, location: 2F
0-2: Strikes out looking
Batting: RHB Sergio Mora 0-0: Foul Ball, location: 2F
0-1: Foul Ball, location: 2F
0-2: Strikes out swinging
Batting: LHB Bob Coztana 0-0: Foul Ball, location: 2F
0-1: SINGLE (Line Drive, 6MD)
Batting: RHB Jesús García 0-0: Called Strike
0-1: Ball
1-1: Foul Ball, location: 2F
1-2: Strikes out looking
Bottom of the 2nd over - 0 runs, 1 hit, 0 errors, 1 left on base; Coronado 0 - Logan 4
TOP OF THE 3RD
Coronado Eclipse batting - Pitching for Logan Swans : LHP Bezzi Kisito
Batting: RHB Brian Jones 0-0: Foul Ball, location: 2F
0-1: Ball
1-1: Ball
2-1: Foul Ball, location: 2F
2-2: Ball
3-2: Strikes out swinging
Batting: RHB Andrés Casillas 0-0: Foul Ball, location: 2F
0-1: Ground out 6-3 (Groundball, 6S)
Batting: RHB Ramón Espinoza 0-0: Fly out, F8 (Line Drive, 8RD)
Top of the 3rd over - 0 runs, 0 hits, 0 errors, 0 left on base; Coronado 0 - Logan 4
BOTTOM OF THE 3RD
Logan Swans batting - Pitching for Coronado Eclipse : RHP Paul McGowan
Batting: RHB Víctor Cuevas 0-0: Ball
1-0: SOLO HOME RUN (Flyball, 78XD), Distance : 420 ft
Batting: SHB Hang-ki Leong 0-0: Ground out 4-3 (Groundball, 4)
Batting: RHB José Ayala 0-0: Called Strike
0-1: Ball
1-1: Foul Ball, location: 2F
1-2: Ball
2-2: Strikes out swinging
Batting: RHB Jesús Farías 0-0: Foul Ball, location: 2F
0-1: Foul Ball, location: 2F
0-2: Strikes out swinging
Bottom of the 3rd over - 1 run, 1 hit, 0 errors, 0 left on base; Coronado 0 - Logan 5
TOP OF THE 4TH
Coronado Eclipse batting - Pitching for Logan Swans : LHP Bezzi Kisito
Batting: RHB Domingo Salinas 0-0: Swinging Strike
0-1: Called Strike
0-2: Ball
1-2: Strikes out looking
Batting: RHB Brandon Smith 0-0: Foul Ball, location: 2F
0-1: Ground out 6-3 (Groundball, 6)
Batting: SHB José Acevedo 0-0: Called Strike
0-1: Swinging Strike
0-2: Foul Ball, location: 2F
0-2: Ball
1-2: Strikes out swinging
Top of the 4th over - 0 runs, 0 hits, 0 errors, 0 left on base; Coronado 0 - Logan 5
BOTTOM OF THE 4TH
Logan Swans batting - Pitching for Coronado Eclipse : RHP Paul McGowan
Batting: SHB Torajiro Ito 0-0: Ball
1-0: Hit by Pitch
Batting: LHB Marty Gómez 0-0: Ball
1-0: Ball
2-0: Ball
3-0: Called Strike
3-1: Foul Ball, location: 2F
3-2: Hit by Pitch
Torajiro Ito to second
Pitching: RHP Paul Glover
Pinch Runner at 1st Vicente Vega:
Batting: RHB Sergio Mora 0-0: Ball
1-0: Ball
2-0: Ball
3-0: Called Strike
3-1: Base on Balls
Torajiro Ito to third
Vicente Vega to second
Batting: LHB Bob Coztana 0-0: Swinging Strike
0-1: Swinging Strike
0-2: Ball
1-2: Fly out, F9 (Flyball, 9)
Runner from 3rd tags up, SCORES, throw made
Batting: RHB Jesús García 0-0: Ball
1-0: DOUBLE (Groundball, 5L)
Vicente Vega scores
Sergio Mora to third
Runner from 3rd tries for Home, SAFE, no throw
Batting: RHB Víctor Cuevas 0-0: Foul Ball, location: 2F
0-1: Foul Ball, location: 2F
0-2: Ball
Balk!
Jesús García to third
1-2: Strikes out swinging
Batting: SHB Hang-ki Leong 0-0: Ball
1-0: Called Strike
1-1: Ball
2-1: Foul Ball, location: 2F
2-2: Ball
3-2: Strikes out swinging
Bottom of the 4th over - 3 runs, 1 hit, 0 errors, 1 left on base; Coronado 0 - Logan 8
TOP OF THE 5TH
Coronado Eclipse batting - Pitching for Logan Swans : LHP Bezzi Kisito
Now in RF: Vicente Vega
Batting: RHB Vincente Ayala 0-0: Fly out, F7 (Flyball, 7D)
Batting: LHB Ken Miller 0-0: Foul Ball, location: 2F
0-1: Ball
1-1: Fly out, F4 (Line Drive, 34D)
Batting: RHB Galtero Confalonieri 0-0: Called Strike
0-1: Ball
1-1: SINGLE (Groundball, 4S) (infield hit)
Batting: RHB Brian Jones 0-0: Ball
1-0: 2-RUN HOME RUN (Flyball, 7D), Distance : 388 ft
Batting: RHB Andrés Casillas 0-0: Ball
1-0: SOLO HOME RUN (Flyball, 7LD), Distance : 358 ft
Batting: RHB Ramón Espinoza 0-0: Ball
1-0: Ball
2-0: Called Strike
2-1: Swinging Strike
2-2: Reached on error, E8 (Flyball, 89D)
Batting: RHB Domingo Salinas 0-0: Ball
1-0: Fly out, F9 (Flyball, 89D)
Top of the 5th over - 3 runs, 3 hits, 1 error, 1 left on base; Coronado 3 - Logan 8
BOTTOM OF THE 5TH
Logan Swans batting - Pitching for Coronado Eclipse : RHP Paul Glover
Batting: RHB José Ayala 0-0: Called Strike
0-1: Ball
1-1: Fly out, F5 (Line Drive, 56S)
Batting: RHB Jesús Farías 0-0: Foul Ball, location: 2F
0-1: Foul Ball, location: 2F
0-2: Ball
1-2: Ball
2-2: Foul Ball, location: 2F
2-2: Fly out, F8 (Line Drive, 89D)
Batting: SHB Torajiro Ito 0-0: Hit by Pitch
Batting: LHB Vicente Vega 0-0: Called Strike
0-1: Foul Ball, location: 2F
0-2: Ball
1-2: Strikes out swinging
Bottom of the 5th over - 0 runs, 0 hits, 0 errors, 1 left on base; Coronado 3 - Logan 8
TOP OF THE 6TH
Coronado Eclipse batting - Pitching for Logan Swans : LHP Bezzi Kisito
Batting: RHB Brandon Smith 0-0: Ball
1-0: Swinging Strike
1-1: Ground out 5-3 (Groundball, 56)
Batting: SHB José Acevedo 0-0: Ball
1-0: SINGLE (Line Drive, 6MD)
Batting: RHB Vincente Ayala 0-0: SINGLE (Groundball, 6D)
José Acevedo to second
Batting: LHB Ken Miller 0-0: Foul Ball, location: 2F
0-1: Ball
1-1: Called Strike
1-2: Strikes out swinging
Batting: RHB Galtero Confalonieri 0-0: Swinging Strike
0-1: Ball
1-1: Fly out, F8 (Line Drive, 8RD)
Top of the 6th over - 0 runs, 2 hits, 0 errors, 2 left on base; Coronado 3 - Logan 8
BOTTOM OF THE 6TH
Logan Swans batting - Pitching for Coronado Eclipse : RHP Paul Glover
Batting: RHB Sergio Mora 0-0: Ball
1-0: Swinging Strike
1-1: Called Strike
1-2: Strikes out looking
Batting: LHB Bob Coztana 0-0: Foul Ball, location: 2F
0-1: Ball
1-1: Foul Ball, location: 2F
1-2: Ball
2-2: SINGLE (Flyball, 7LM)
Batting: RHB Jesús García 0-0: Called Strike
Bob Coztana steals 2nd base
0-1: Called Strike
0-2: Ball
1-2: Foul Ball, location: 2F
1-2: Ball
2-2: Strikes out swinging
Batting: RHB Víctor Cuevas 0-0: Ball
1-0: Called Strike
1-1: Ball
2-1: Foul Ball, location: 2F
2-2: Foul Ball, location: 2F
2-2: Strikes out looking
Bottom of the 6th over - 0 runs, 1 hit, 0 errors, 1 left on base; Coronado 3 - Logan 8
TOP OF THE 7TH
Coronado Eclipse batting - Pitching for Logan Swans : LHP Bezzi Kisito
Pitching: LHP Randall Smith
Batting: RHB Brian Jones 0-0: Fly out, F8 (Flyball, 8RD)
Batting: RHB Andrés Casillas 0-0: Called Strike
0-1: Ball
1-1: Called Strike
1-2: SINGLE (Groundball, 56D)
Batting: RHB Ramón Espinoza 0-0: Ball
1-0: Called Strike
1-1: Ball
2-1: Foul Ball, location: 2F
2-2: Foul Ball, location: 2F
2-2: Foul Ball, location: 2F
2-2: Strikes out swinging
Batting: RHB Domingo Salinas 0-0: Ball
1-0: Ball
2-0: Ball
3-0: Base on Balls
Andrés Casillas to second
Batting: RHB Brandon Smith 0-0: Swinging Strike
0-1: Ground out 4-3 (Groundball, 4S)
Top of the 7th over - 0 runs, 1 hit, 0 errors, 2 left on base; Coronado 3 - Logan 8
BOTTOM OF THE 7TH
Logan Swans batting - Pitching for Coronado Eclipse : RHP Paul Glover
Batting: SHB Hang-ki Leong 0-0: Called Strike
0-1: Fly out, F7 (Line Drive, 7D)
Batting: RHB José Ayala 0-0: Fly out, F9 (Flyball, 9D)
Batting: RHB Jesús Farías 0-0: Ball
1-0: Reached on error, E6 (Groundball, 6S)
Batting: SHB Torajiro Ito 0-0: Ball
1-0: DOUBLE (Flyball, 8RXD)
Jesús Farías to third
Pinch Runner at 2nd Roger Faulkner:
Batting: LHB Vicente Vega 0-0: Ball
1-0: Foul Ball, location: 2F
1-1: Ball
2-1: Ball
3-1: Base on Balls
Batting: RHB Sergio Mora 0-0: Ball
1-0: Foul Ball, location: 2F
1-1: Ball
2-1: Foul Ball, location: 2F
2-2: Ball
3-2: Ground out 1-3 (Groundball, P)
Bottom of the 7th over - 0 runs, 1 hit, 1 error, 3 left on base; Coronado 3 - Logan 8
TOP OF THE 8TH
Coronado Eclipse batting - Pitching for Logan Swans : LHP Randall Smith
Now at 1B: Roger Faulkner
Batting: SHB José Acevedo 0-0: Called Strike
0-1: Hit by Pitch
Batting: RHB Vincente Ayala 0-0: SINGLE (Flyball, 7S)
José Acevedo to second
Batting: LHB Ken Miller 0-0: Called Strike
0-1: SINGLE (Line Drive, 4)
José Acevedo to third
Vincente Ayala to second
Batting: RHB Galtero Confalonieri 0-0: Called Strike
0-1: Ball
1-1: Swinging Strike
1-2: Foul Ball, location: 2F
1-2: Strikes out swinging
Batting: RHB Brian Jones 0-0: Reached on error, E6 (Groundball, 6)
José Acevedo scores
Vincente Ayala to third
Ken Miller to second
Batting: RHB Andrés Casillas 0-0: Called Strike
0-1: Ball
1-1: Ball
2-1: Foul Ball, location: 2F
2-2: DOUBLE (Line Drive, 78XD)
Vincente Ayala scores
Ken Miller scores
Brian Jones to third
Runner from 3rd tries for Home, SAFE, no throw
Pitching: RHP José Ramírez
Pinch Hitting: SHB Doyle Goodwin 0-0: Ball
1-0: Ball
2-0: Called Strike
2-1: Called Strike
2-2: Fly out, F5 (Popup, 56S)
Batting: RHB Domingo Salinas 0-0: Ball
1-0: Foul Ball, location: 2F
1-1: Foul Ball, location: 2F
1-2: Ground out U3 (Groundball, 34S)
Top of the 8th over - 4 runs, 3 hits, 1 error, 1 left on base; Coronado 7 - Logan 8
BOTTOM OF THE 8TH
Logan Swans batting - Pitching for Coronado Eclipse : RHP Paul Glover
Now in LF: Jesús León
Batting: LHB Bob Coztana 0-0: Called Strike
0-1: Foul Ball, location: 2F
0-2: Foul Ball, location: 2F
0-2: Ball
1-2: Foul Ball, location: 2F
1-2: Strikes out swinging
Batting: RHB Jesús García 0-0: Called Strike
0-1: Called Strike
0-2: Ball
1-2: Strikes out swinging
Batting: RHB Víctor Cuevas 0-0: Ball
1-0: Ball
2-0: Ball
3-0: Called Strike
3-1: Foul Ball, location: 2F
3-2: Strikes out swinging
Bottom of the 8th over - 0 runs, 0 hits, 0 errors, 0 left on base; Coronado 7 - Logan 8
TOP OF THE 9TH
Coronado Eclipse batting - Pitching for Logan Swans : RHP José Ramírez
Now at C: Natsume Sato
Now at SS: Darrell Beard
Now in LF: Ricardo Manegdeg
Pinch Hitting: LHB Robby Bland 0-0: Ball
1-0: Swinging Strike
1-1: DOUBLE (Line Drive, 9LD)
Batting: SHB José Acevedo 0-0: Called Strike
0-1: Foul Ball, location: 2F
0-2: Ball
1-2: Foul Ball, location: 2F
1-2: Fly out, F3 (Line Drive, 34)
Lined into DP, 3-6 (Line Drive, 34)
Batting: RHB Vincente Ayala 0-0: Ground out 5-3 (Groundball, 5S)
Top of the 9th over - 0 runs, 1 hit, 0 errors, 0 left on base; Coronado 7 - Logan 8
Saturday, April 7th, 2018 - OOTP Baseball 18.8 Build 76